[Event "26th Zadar Open 2019"]
[Site "Zadar"]
[Date "2019.12.19"]
[Round "6.21"]
[White "Guttenthaler, Franz"]
[Black "Stocko, Josip"]
[Result "1-0"]
[ECO "E12"]
[WhiteElo "2304"]
[BlackElo "2267"]
[Annotator "ChessBase"]
[PlyCount "83"]
[EventDate "2019.12.15"]
[EventType "swiss"]
[EventCountry "CRO"]
[SourceTitle "playchess.com"]
[Source "ChessBase"]
[SourceQuality "1"]
[TimeControl "40/5400+30:1800+30"]

1. d4 Nf6 2. c4 e6 3. a3 b6 4. Nc3 Bb7 5. d5 e5 6. Nf3 d6 7. e4 Be7 8. h3 O-O 9. Be3 a6 10. Bd3 c6 11. O-O Nbd7 12. Nd2 Ne8 13. g3 Kh8 14. b4 c5 15. Rb1 Bc8 16. Rb3 Ndf6 17. Kg2 g6 18. Qe2 Nd7 19. Bh6 Ng7 20. f4 exf4 21. gxf4 g5 22. e5 gxf4 23. Bxg7+ Kxg7 24. Qh5 Rh8 25. exd6 Bxd6 26. Nce4 Ne5 27. Kh1 Ng6 28. Nxd6 Qxd6 29. Ne4 Qe7 30. bxc5 bxc5 31. Rb6 Qd8 32. Rf6 Ra7 33. R1xf4 Nxf4 34. Qh6+ Kg8 35. Rxf4 f5 36. Nf6+ Kf7 37. Bxf5 Qa5 38. Be6+ Ke7 39. Qg7+ Kd8 40. Qxh8+ Ke7 41. Qg7+ Kd8 42. Qf8+ 1-0

[Event "26th Zadar Open 2019"]
[Site "Zadar"]
[Date "2019.12.19"]
[Round "6.22"]
[White "Dimitrov, Vladimir"]
[Black "Krasteva, Beloslava"]
[Result "0-1"]
[ECO "D58"]
[WhiteElo "2285"]
[BlackElo "2264"]
[Annotator "ChessBase"]
[PlyCount "91"]
[EventDate "2019.12.15"]
[EventType "swiss"]
[EventCountry "CRO"]
[SourceTitle "playchess.com"]
[Source "ChessBase"]
[SourceQuality "1"]
[TimeControl "40/5400+30:1800+30"]

1. d4 d5 2. Nf3 Nf6 3. c4 e6 4. Nc3 Be7 5. Bg5 h6 6. Bh4 O-O 7. e3 b6 8. Rc1 Bb7 9. Bxf6 Bxf6 10. cxd5 exd5 11. b4 c6 12. Be2 a5 13. b5 c5 14. O-O Nd7 15. dxc5 Nxc5 16. Nd4 Rc8 17. Bg4 Rc7 18. Na4 Nxa4 19. Qxa4 Qd6 20. Rfd1 g6 21. g3 h5 22. Rxc7 Qxc7 23. Bf3 Rc8 24. Nc6 Bxc6 25. bxc6 Qxc6 26. Qxc6 Rxc6 27. Rxd5 Rc1+ 28. Kg2 Be7 29. Rd7 Kf8 30. Rb7 Rb1 31. a4 Rb4 32. Bc6 h4 33. Kf3 hxg3 34. hxg3 Bc5 35. g4 Rb2 36. Bd5 Be7 37. Kg3 Rb4 38. e4 Rxa4 39. Rxb6 Rb4 40. Ra6 a4 41. f4 Rd4 42. f5 gxf5 43. gxf5 Kg7 44. Kf4 Rd1 45. Ke5 Bh4 46. Ra7 0-1

[Event "26th Zadar Open 2019"]
[Site "Zadar"]
[Date "2019.12.19"]
[Round "6.23"]
[White "Gelbenegger, Patrick"]
[Black "Ly, Dominik"]
[Result "1/2-1/2"]
[ECO "B38"]
[WhiteElo "2267"]
[BlackElo "2220"]
[Annotator "ChessBase"]
[PlyCount "58"]
[EventDate "2019.12.15"]
[EventType "swiss"]
[EventCountry "CRO"]
[SourceTitle "playchess.com"]
[Source "ChessBase"]
[SourceQuality "1"]
[TimeControl "40/5400+30:1800+30"]

1. e4 c5 2. Nf3 Nc6 3. d4 cxd4 4. Nxd4 g6 5. c4 Bg7 6. Be3 Nf6 7. Nc3 d6 8. Be2 O-O 9. O-O Bd7 10. Qd2 Nxd4 11. Bxd4 Bc6 12. f3 Nd7 13. Bxg7 Kxg7 14. Qd4+ Kg8 15. b3 a5 16. Nd5 Bxd5 17. cxd5 Qb6 18. Qxb6 Nxb6 19. Bb5 Rfc8 20. Rfc1 a4 21. bxa4 Rxc1+ 22. Rxc1 Nxa4 23. Bxa4 Rxa4 24. Rc8+ Kg7 25. Rc7 Kf6 26. Rxb7 Rxa2 27. h4 h5 28. Kh2 Rc2 29. Kg3 Ra2 1/2-1/2

[Event "26th Zadar Open 2019"]
[Site "Zadar"]
[Date "2019.12.19"]
[Round "6.24"]
[White "Hrescak, Ivana"]
[Black "de Francesco, Klaus"]
[Result "1/2-1/2"]
[ECO "D15"]
[WhiteElo "2194"]
[BlackElo "2273"]
[Annotator "ChessBase"]
[PlyCount "80"]
[EventDate "2019.12.15"]
[EventType "swiss"]
[EventCountry "CRO"]
[SourceTitle "playchess.com"]
[Source "ChessBase"]
[SourceQuality "1"]
[TimeControl "40/5400+30:1800+30"]

1. d4 d5 2. c4 c6 3. Nf3 Nf6 4. Nc3 a6 5. a4 e6 6. e3 a5 7. Be2 Nbd7 8. O-O Bd6 9. Qc2 O-O 10. Rd1 Qe7 11. e4 Nxe4 12. Nxe4 dxe4 13. Qxe4 e5 14. Bg5 f6 15. Bd3 g6 16. dxe5 Nxe5 17. Nxe5 Qxe5 18. Qxe5 Bxe5 19. Bh6 Rd8 20. Rab1 Be6 21. b3 Rd7 22. Be3 Bd4 23. Bxd4 Rxd4 24. Be2 Rad8 25. Rxd4 Rxd4 26. Rd1 Rxd1+ 27. Bxd1 Kf7 28. Kf1 Ke7 29. Ke2 Bg4+ 30. f3 Bf5 31. Ke3 Kd6 32. Kd4 c5+ 33. Ke3 g5 34. g3 Bb1 35. f4 h6 36. Kd2 Ke6 37. Bg4+ Kf7 38. Bh5+ Ke6 39. Bg4+ Kf7 40. Bh5+ Ke6 1/2-1/2

[Event "26th Zadar Open 2019"]
[Site "Zadar"]
[Date "2019.12.19"]
[Round "6.25"]
[White "Deglmann, Ludwig"]
[Black "Khalakhan, Jurij"]
[Result "1/2-1/2"]
[ECO "B21"]
[WhiteElo "2261"]
[BlackElo "2240"]
[Annotator "ChessBase"]
[PlyCount "21"]
[EventDate "2019.12.15"]
[EventType "swiss"]
[EventCountry "CRO"]
[SourceTitle "playchess.com"]
[Source "ChessBase"]
[SourceQuality "1"]
[TimeControl "40/5400+30:1800+30"]

1. e4 c5 2. d3 Nc6 3. f4 d5 4. Be2 dxe4 5. dxe4 Qxd1+ 6. Bxd1 Nf6 7. Nd2 e5 8. f5 g6 9. fxg6 hxg6 10. c3 Ng4 11. Nf1 1/2-1/2

[Event "26th Zadar Open 2019"]
[Site "Zadar"]
[Date "2019.12.20"]
[Round "7.1"]
[White "Kozul, Zdenko"]
[Black "Brkic, Ante"]
[Result "1/2-1/2"]
[ECO "D38"]
[WhiteElo "2590"]
[BlackElo "2576"]
[Annotator "ChessBase"]
[PlyCount "69"]
[EventDate "2019.12.15"]
[EventType "swiss"]
[EventCountry "CRO"]
[SourceTitle "playchess.com"]
[Source "ChessBase"]
[SourceQuality "1"]
[TimeControl "40/5400+30:1800+30"]

1. d4 Nf6 2. c4 e6 3. Nf3 d5 4. Nc3 Bb4 5. Bg5 h6 6. Bxf6 Qxf6 7. e3 O-O 8. Be2 dxc4 9. O-O Bxc3 10. bxc3 b6 11. Ne5 Bb7 12. a4 Rd8 13. f4 Nd7 14. Bh5 g6 15. Bf3 Bxf3 16. Rxf3 Qf5 17. Qe1 Qe4 18. Rh3 h5 19. Rh4 c5 20. f5 Qxf5 21. Rf4 Nxe5 22. Rxf5 Nd3 23. Qb1 exf5 24. Qb5 Re8 25. a5 Rxe3 26. h3 Rae8 27. d5 f4 28. axb6 axb6 29. d6 f3 30. gxf3 h4 31. d7 Re1+ 32. Rxe1 Rxe1+ 33. Kh2 Re2+ 34. Kg1 Re1+ 35. Kh2 1/2-1/2

[Event "26th Zadar Open 2019"]
[Site "Zadar"]
[Date "2019.12.20"]
[Round "7.2"]
[White "Blohberger, Felix"]
[Black "Mosesov, Danyil"]
[Result "1/2-1/2"]
[ECO "D02"]
[WhiteElo "2434"]
[BlackElo "2290"]
[Annotator "NA"]
[PlyCount "64"]
[EventDate "2019.12.15"]
[EventType "swiss"]
[EventCountry "CRO"]
[SourceTitle "playchess.com"]
[Source "ChessBase"]
[SourceQuality "1"]
[TimeControl "40/5400+30:1800+30"]

1. Nf3 d5 2. g3 Nd7 3. d4 Nb6 4. Nbd2 Bf5 5. Nh4 Bg4 6. h3 Bh5 7. Ng2 f6 8. Nf4 Bf7 $1 9. Nd3 e5 10. dxe5 c5 11. exf6 Nxf6 12. Bg2 $16 Bd6 13. Nf3 Qe7 14. O-O O-O 15. Bf4 Bxf4 16. Nxf4 Ne4 17. c3 Rad8 18. Nd2 g5 19. Nd3 Nc4 20. Nf3 Bg6 21. Qc1 Qf6 22. Kh2 Rfe8 23. b3 Ncd6 24. c4 dxc4 25. bxc4 Bf7 26. Nb2 h6 27. Qc2 Bg6 28. Qb3 h5 29. Rad1 Nc3 30. Rd2 Nce4 31. Rdd1 Nc3 32. Rd2 Nce4 1/2-1/2

[Event "26th Zadar Open 2019"]
[Site "Zadar"]
[Date "2019.12.20"]
[Round "7.3"]
[White "Bhambure, Shantanu"]
[Black "Dev, Shah"]
[Result "1-0"]
[ECO "D52"]
[WhiteElo "2340"]
[BlackElo "2242"]
[Annotator "NA"]
[PlyCount "119"]
[EventDate "2019.12.15"]
[EventType "swiss"]
[EventCountry "CRO"]
[SourceTitle "playchess.com"]
[Source "ChessBase"]
[SourceQuality "1"]
[TimeControl "40/5400+30:1800+30"]

1. d4 d5 2. c4 c6 3. Nf3 Nf6 4. Nc3 e6 5. Bg5 Nbd7 6. e3 Qa5 7. Nd2 Bb4 8. Rc1 dxc4 9. Bxf6 Nxf6 10. Nxc4 Qd5 11. a3 Bxc3+ 12. Rxc3 O-O 13. f3 Rd8 $14 14. Ne5 Nd7 15. Bc4 Qd6 16. Nxd7 Bxd7 17. O-O Be8 18. Qb3 e5 19. dxe5 Qxe5 20. Rd1 Qe7 21. Rcc1 Rxd1+ 22. Rxd1 b5 23. Be2 Rd8 24. Rxd8 Qxd8 25. Qc3 Qd6 26. b4 Bd7 27. e4 Be6 28. g3 f6 29. Kg2 Bf7 30. Qe3 Qd7 31. f4 Be6 32. Kf2 f5 33. exf5 Bxf5 34. g4 Be6 35. Kg3 Bf7 36. h4 Bc4 37. Bxc4+ bxc4 38. Qe4 Qf7 39. Qxc6 h6 40. h5 Kh8 41. Kf3 c3 42. Qxc3 Qd5+ 43. Kg3 Qd1 44. Qe3 a6 45. Qe8+ Kh7 46. Qg6+ Kh8 47. Qxa6 Qg1+ 48. Kf3 Qh1+ 49. Ke3 Qg1+ 50. Kd2 Qf2+ 51. Qe2 Qxf4+ 52. Qe3 Qh2+ 53. Kc3 Qa2 54. Kd4 Qb2+ 55. Kc5 Qc2+ 56. Kb6 Qc8 57. b5 Qd8+ 58. Kc5 Qa5 59. Kc6 Qa8+ 60. Kc7 1-0

[Event "26th Zadar Open 2019"]
[Site "Zadar"]
[Date "2019.12.20"]
[Round "7.5"]
[White "Saric, Ante"]
[Black "Dixit, Nikhil"]
[Result "1-0"]
[ECO "E68"]
[WhiteElo "2556"]
[BlackElo "2318"]
[Annotator "ChessBase"]
[PlyCount "79"]
[EventDate "2019.12.15"]
[EventType "swiss"]
[EventCountry "CRO"]
[SourceTitle "playchess.com"]
[Source "ChessBase"]
[SourceQuality "1"]
[TimeControl "40/5400+30:1800+30"]

1. d4 Nf6 2. Nf3 g6 3. c4 Bg7 4. g3 O-O 5. Bg2 d6 6. O-O Nbd7 7. Nc3 e5 8. e4 exd4 9. Nxd4 Ne5 10. b3 Bd7 11. Qc2 Re8 12. Bb2 a6 13. a4 Qc8 14. Nd5 Nxd5 15. cxd5 c5 16. dxc6 bxc6 17. Ne2 Qb7 18. Rab1 Rab8 19. b4 a5 20. bxa5 Qa7 21. Bc3 h5 22. Rxb8 Rxb8 23. Rb1 Rxb1+ 24. Qxb1 Nc4 25. Bxg7 Kxg7 26. Qb4 Nxa5 27. Qxd6 Bg4 28. Nf4 g5 29. Nd3 Nc4 30. Qxc6 Qd4 31. Qd5 Qc3 32. h3 Be2 33. Qxg5+ Kf8 34. Qc5+ Kg8 35. Nf4 Qe1+ 36. Kh2 Bf1 37. Qg5+ Kf8 38. Qf6 Bxg2 39. Ng6+ Kg8 40. Qh8# 1-0

[Event "26th Zadar Open 2019"]
[Site "Zadar"]
[Date "2019.12.20"]
[Round "7.6"]
[White "Yeoh, Li Tian"]
[Black "Stany, G.A."]
[Result "1/2-1/2"]
[ECO "C00"]
[WhiteElo "2530"]
[BlackElo "2526"]
[Annotator "ChessBase"]
[PlyCount "162"]
[EventDate "2019.12.15"]
[EventType "swiss"]
[EventCountry "CRO"]
[SourceTitle "playchess.com"]
[Source "ChessBase"]
[SourceQuality "1"]
[TimeControl "40/5400+30:1800+30"]

1. Nf3 Nf6 2. g3 d5 3. Bg2 e6 4. O-O Be7 5. d3 O-O 6. Nbd2 c5 7. e4 Nc6 8. Re1 b5 9. e5 Nd7 10. Nf1 Bb7 11. h4 Qc7 12. Bf4 Rfc8 13. h5 h6 14. Ne3 Qd8 15. c4 bxc4 16. dxc4 Nb6 17. cxd5 Nxd5 18. Nxd5 Qxd5 19. Qxd5 exd5 20. Bh3 Rd8 21. e6 Bc8 22. Rac1 Bxe6 23. Bxe6 fxe6 24. Rxe6 Rac8 25. b4 Bf8 26. bxc5 d4 27. Bd6 Kf7 28. Rg6 Be7 29. Rb1 Bf6 30. Rb7+ Kg8 31. g4 Na5 32. Rxa7 Nc6 33. Rb7 Na5 34. Ra7 Nc6 35. Rb7 Na5 36. Be7 Nxb7 37. Bxf6 Rd7 38. Ne5 Rdc7 39. c6 Nc5 40. Bh4 d3 41. Rd6 Ra7 42. Kg2 Rxa2 43. c7 Nb7 44. Rd7 d2 45. Nf3 Rxc7 46. Rxd2 Rxd2 47. Nxd2 Nc5 48. Bg3 Rb7 49. Bd6 Nd3 50. Ne4 Rb2 51. Kf3 Kf7 52. Ke3 Nb4 53. Bg3 Rb3+ 54. Kd4 Nc6+ 55. Kd5 Ne7+ 56. Ke5 Rb5+ 57. Kd4 Nc6+ 58. Kc4 Rb4+ 59. Kd3 Ke6 60. f4 Rb3+ 61. Kc4 Rb4+ 62. Kd3 Rd4+ 63. Ke3 Kd5 64. Nc3+ Kc4 65. Ne2 Rd8 66. f5 Re8+ 67. Kf3 Re7 68. Bd6 Rd7 69. Bf8 Ne5+ 70. Kf4 Nd3+ 71. Ke4 Rf7 72. Bd6 Nf2+ 73. Kf3 Nh3 74. Bf4 Kd3 75. Nc1+ Kc2 76. Ne2 Kd3 77. Nc1+ Kc4 78. Ne2 Rd7 79. Be3 Ng5+ 80. Bxg5 hxg5 81. Ng1 Rd3+ 1/2-1/2

[Event "26th Zadar Open 2019"]
[Site "Zadar"]
[Date "2019.12.20"]
[Round "7.7"]
[White "Livaic, Leon"]
[Black "Bukal, Vladimir Jr."]
[Result "1/2-1/2"]
[ECO "A43"]
[WhiteElo "2505"]
[BlackElo "2393"]
[Annotator "ChessBase"]
[PlyCount "113"]
[EventDate "2019.12.15"]
[EventType "swiss"]
[EventCountry "CRO"]
[SourceTitle "playchess.com"]
[Source "ChessBase"]
[SourceQuality "1"]
[TimeControl "40/5400+30:1800+30"]

1. d4 e6 2. g3 c5 3. Nf3 cxd4 4. Nxd4 Qa5+ 5. Nc3 Nf6 6. Bg2 d5 7. O-O Be7 8. e4 dxe4 9. Nxe4 Nxe4 10. Bxe4 O-O 11. c3 Nd7 12. Re1 Rd8 13. Qe2 Bf6 14. Be3 a6 15. a4 Qc7 16. a5 Nc5 17. Bc2 e5 18. Nb3 Nxb3 19. Bxb3 Qe7 20. Bb6 Re8 21. Qe4 g6 22. Bd5 Rb8 23. Rad1 Bf5 24. Qg2 h5 25. h3 Bg7 26. Re2 Kh7 27. Kh2 Bh6 28. b4 h4 29. g4 Bf4+ 30. Kh1 Be6 31. Ree1 Kg7 32. Bc5 Qc7 33. c4 Bxd5 34. Rxd5 Qc6 35. Qe4 Rbd8 36. Red1 Rxd5 37. cxd5 Qa4 38. Rd3 Rd8 39. d6 Rd7 40. Kg2 Qc6 41. f3 Qxe4 42. fxe4 Kf6 43. b5 axb5 44. Rb3 Ke6 45. Rxb5 Bg5 46. Rb2 Bh6 47. Kf3 Bg5 48. Ke2 Bd8 49. Bb4 f5 50. gxf5+ gxf5 51. exf5+ Kxf5 52. Kd3 Bc7 53. Kc4 Bxd6 54. Bxd6 Rxd6 55. Rxb7 Kf4 56. Rb6 Rd1 57. a6 1/2-1/2

[Event "26th Zadar Open 2019"]
[Site "Zadar"]
[Date "2019.12.20"]
[Round "7.8"]
[White "Doric, Darko"]
[Black "Ghersinich, Enrico"]
[Result "1-0"]
[ECO "D20"]
[WhiteElo "2492"]
[BlackElo "2157"]
[Annotator "ChessBase"]
[PlyCount "97"]
[EventDate "2019.12.15"]
[EventType "swiss"]
[EventCountry "CRO"]
[SourceTitle "playchess.com"]
[Source "ChessBase"]
[SourceQuality "1"]
[TimeControl "40/5400+30:1800+30"]

1. d4 d5 2. c4 dxc4 3. e4 Nf6 4. e5 Nd5 5. Bxc4 Bf5 6. Nf3 e6 7. O-O Be7 8. Nc3 c6 9. Qe2 O-O 10. Rd1 Nd7 11. h3 N7b6 12. Bb3 Qc7 13. Ne4 a5 14. a3 a4 15. Ba2 Ra5 16. Bg5 Bxg5 17. Nfxg5 Qe7 18. Qd2 Rb5 19. Nd6 Rxb2 20. Nxf5 exf5 21. Qxb2 Qxg5 22. Rd3 f4 23. Bxd5 Nxd5 24. Qxb7 Qf5 25. Rad1 Rc8 26. Qa6 g5 27. Qxa4 h5 28. Qb3 Kh8 29. a4 Qe4 30. a5 g4 31. hxg4 hxg4 32. Rh3+ Kg7 33. Qd3 Qxd3 34. Rhxd3 Ra8 35. Ra1 Ra6 36. Kf1 f6 37. exf6+ Kxf6 38. Rb3 Kf5 39. f3 Ne3+ 40. Rxe3 fxe3 41. Ke2 Kf4 42. Ra4 g3 43. Kd3 Ra8 44. a6 Re8 45. Ra2 c5 46. dxc5 Rd8+ 47. Ke2 Ke5 48. a7 Ra8 49. Kxe3 1-0

[Event "26th Zadar Open 2019"]
[Site "Zadar"]
[Date "2019.12.20"]
[Round "7.9"]
[White "Plenkovic, Zdenko"]
[Black "Galperin, Platon"]
[Result "*"]
[ECO "B94"]
[WhiteElo "2355"]
[BlackElo "2462"]
[Annotator "ChessBase"]
[PlyCount "82"]
[EventDate "2019.12.15"]
[EventType "swiss"]
[EventCountry "CRO"]
[SourceTitle "playchess.com"]
[Source "ChessBase"]
[SourceQuality "1"]
[TimeControl "40/5400+30:1800+30"]

1. e4 c5 2. Nf3 d6 3. d4 Nf6 4. Nc3 cxd4 5. Nxd4 a6 6. Bg5 Nbd7 7. Bc4 e6 8. Bxe6 fxe6 9. Nxe6 Qa5 10. O-O Kf7 11. Nxf8 Qxg5 12. Nxd7 Bxd7 13. Qxd6 Rac8 14. Nd5 Bh3 15. Nf4 Bg4 16. e5 Rhd8 17. Qb4 Qxe5 18. Rae1 Qb5 19. Re7+ Kf8 20. Qxb5 axb5 21. Rxb7 g5 22. f3 Bd7 23. Rb6 Kg7 24. Ne2 Rxc2 25. Nd4 Rd2 26. Rd6 Kf7 27. Re1 b4 28. Re2 Rd3 29. Kf2 Ra8 30. Re5 Rd2+ 31. Ke1 Rxb2 32. Nf5 Bxf5 33. Rxf5 Re8+ 34. Kd1 Re6 35. Rxe6 Kxe6 36. Rxg5 Rxa2 37. f4 Nd5 38. Rg3 Nc3+ 39. Ke1 b3 40. Rxc3 Ra1+ 41. Kf2 b2 *

[Event "26th Zadar Open 2019"]
[Site "Zadar"]
[Date "2019.12.20"]
[Round "7.10"]
[White "Rogic, Davor"]
[Black "Manush Shah"]
[Result "1-0"]
[ECO "B18"]
[WhiteElo "2485"]
[BlackElo "2341"]
[Annotator "RC"]
[PlyCount "97"]
[EventDate "2019.12.15"]
[EventType "swiss"]
[EventCountry "CRO"]
[SourceTitle "playchess.com"]
[Source "ChessBase"]
[SourceQuality "1"]
[TimeControl "40/5400+30:1800+30"]

1. e4 c6 2. d4 d5 3. Nd2 dxe4 4. Nxe4 Bf5 5. Ng3 Bg6 6. Nf3 Nf6 7. Bc4 e6 8. O-O Na6 9. c3 Nc7 10. Qe2 Bd6 11. Ne5 Nfd5 12. Bb3 Bxe5 13. dxe5 Qe7 14. Ne4 Bxe4 15. Qxe4 O-O-O 16. a3 f5 17. exf6 gxf6 18. c4 Nb6 19. Be3 Rhg8 20. Rad1 f5 21. Rxd8+ Kxd8 22. Rd1+ Kc8 23. Qe5 Qg7 24. Qxg7 Rxg7 25. f4 Rd7 26. Rxd7 Kxd7 27. h3 Ne8 28. Bd4 Nc8 29. g4 b6 30. g5 c5 31. Be5 Ned6 32. Ba4+ Ke7 33. b3 Ne4 34. h4 a6 35. h5 Kf7 36. Bd7 Ne7 37. Kg2 Nd2 38. g6+ hxg6 39. h6 Kg8 40. Bf6 Nxb3 41. Bxe7 Nd4 42. a4 Kh7 43. Bd8 Ne2 44. Kf3 Nd4+ 45. Kf2 Kxh6 46. Bxb6 Nb3 47. Bxe6 Nd2 48. Ke3 Nb3 49. a5 1-0

[Event "26th Zadar Open 2019"]
[Site "Zadar"]
[Date "2019.12.20"]
[Round "7.11"]
[White "Spalir, Jernej"]
[Black "Pecnik, Leo"]
[Result "0-1"]
[ECO "B51"]
[WhiteElo "2429"]
[BlackElo "2326"]
[Annotator "NA"]
[PlyCount "72"]
[EventDate "2019.12.15"]
[EventType "swiss"]
[EventCountry "CRO"]
[SourceTitle "playchess.com"]
[Source "ChessBase"]
[SourceQuality "1"]
[TimeControl "40/5400+30:1800+30"]

1. e4 c5 2. Nf3 Nc6 3. Bb5 d6 4. O-O Bd7 5. Re1 Nf6 6. c3 a6 7. Bf1 Bg4 8. h3 Bh5 9. d3 e6 10. Nbd2 Be7 11. Qb3 O-O 12. g4 $11 Bg6 13. Nh4 Nd7 14. Nxg6 fxg6 15. Qxe6+ Kh8 16. Be2 Nde5 17. Rf1 Bg5 18. Kg2 Bf4 19. Qd5 g5 20. f3 Ng6 21. Kf2 Bg3+ 22. Kxg3 Nf4 23. Qb3 Nxe2+ 24. Kf2 Nf4 25. Nc4 b5 26. Bxf4 bxc4 27. Qa4 gxf4 28. Qxc6 cxd3 29. Ke1 d5 30. Qxd5 Qb6 31. Qb3 Qh6 32. Qc4 Qxh3 33. Qxc5 Rab8 34. Rd1 Qg3+ 35. Qf2 Rxb2 36. Qxg3 Re2# 0-1

[Event "26th Zadar Open 2019"]
[Site "Zadar"]
[Date "2019.12.20"]
[Round "7.13"]
[White "Chan, Kim Yew"]
[Black "Rezan, Sasa"]
[Result "1-0"]
[ECO "B38"]
[WhiteElo "2245"]
[BlackElo "2415"]
[Annotator "NA"]
[PlyCount "79"]
[EventDate "2019.12.15"]
[EventType "swiss"]
[EventCountry "CRO"]
[SourceTitle "playchess.com"]
[Source "ChessBase"]
[SourceQuality "1"]
[TimeControl "40/5400+30:1800+30"]

1. Nf3 c5 2. c4 g6 3. e4 Bg7 4. d4 cxd4 5. Nxd4 Nc6 6. Be3 Qb6 7. Nb3 Qd8 8. Nd4 Qb6 9. Nb3 Qc7 10. Qd2 Nf6 11. Nc3 O-O 12. Rc1 $14 d6 13. Be2 Qb8 14. f3 b6 15. Nd5 Re8 16. O-O Bb7 17. Rfd1 Nd7 18. Bf1 Nc5 19. Na1 e6 20. Nf4 e5 21. Ne2 f5 22. exf5 gxf5 23. Bh6 Qc7 24. Ng3 f4 25. Nf5 Bxh6 26. Nxh6+ Kf8 27. Nf5 Red8 28. b4 Ne6 29. Nb3 Ng7 30. Nxd6 Nf5 31. c5 bxc5 32. bxc5 Ncd4 33. Nxd4 Nxd4 34. Qf2 Qg7 35. Kh1 Bc6 36. Bc4 Rab8 37. Rxd4 exd4 38. Qh4 Qg6 39. Qxf4+ Kg7 40. Nf5+ 1-0

[Event "26th Zadar Open 2019"]
[Site "Zadar"]
[Date "2019.12.20"]
[Round "7.14"]
[White "Nguyen, Piotr"]
[Black "Guttenthaler, Franz"]
[Result "1-0"]
[ECO "A13"]
[WhiteElo "2413"]
[BlackElo "2304"]
[Annotator "NA"]
[PlyCount "121"]
[EventDate "2019.12.15"]
[EventType "swiss"]
[EventCountry "CRO"]
[SourceTitle "playchess.com"]
[Source "ChessBase"]
[SourceQuality "1"]
[TimeControl "40/5400+30:1800+30"]

1. g3 d5 2. Nf3 e6 3. Bg2 Nf6 4. O-O Be7 5. c4 dxc4 6. Na3 c5 7. Nxc4 Nc6 8. b3 O-O 9. Bb2 Nd5 10. d4 b5 $14 11. Nce5 Nxe5 12. Nxe5 Bb7 13. dxc5 Bxc5 14. Rc1 Rc8 15. e4 Nf6 16. Qe2 Qb6 17. Rfd1 Rfd8 18. Nd3 Bd4 19. Rxc8 Rxc8 20. Bxd4 Qxd4 21. Nf4 Qe5 22. f3 h5 23. Qf2 a6 24. b4 Qc3 25. Nd3 Rd8 26. Bf1 Qd4 27. Qxd4 Rxd4 28. Rc1 Rd8 29. Nc5 Bc8 30. a4 bxa4 31. Ra1 Nd7 32. Rxa4 Nxc5 33. bxc5 Rd1 34. Rb4 Kh7 35. Rb8 Bd7 36. Rd8 Kg6 37. c6 Rxf1+ 38. Kxf1 Bxc6 39. Kf2 Kf6 40. Rc8 Bb5 41. h4 g6 42. Ke3 e5 43. f4 exf4+ 44. gxf4 Ke6 45. Rb8 Kf6 46. Kd4 Be2 47. Rb6+ Kg7 48. Rb2 Bf1 49. Ke5 Bc4 50. Rb7 Bd3 51. Rc7 Be2 52. f5 gxf5 53. exf5 Bd1 54. Rc1 Bb3 55. Rg1+ Kh6 56. Ra1 Bc4 57. Kf6 Kh7 58. Ra4 Bd3 59. Rd4 Bc2 60. Rd7 Bb3 61. Ra7 1-0

[Event "26th Zadar Open 2019"]
[Site "Zadar"]
[Date "2019.12.20"]
[Round "7.15"]
[White "Sinanovic, Muhamed"]
[Black "Lye, Lik Zang"]
[Result "1/2-1/2"]
[ECO "A36"]
[WhiteElo "2309"]
[BlackElo "2379"]
[Annotator "NA"]
[PlyCount "82"]
[EventDate "2019.12.15"]
[EventType "swiss"]
[EventCountry "CRO"]
[SourceTitle "playchess.com"]
[Source "ChessBase"]
[SourceQuality "1"]
[TimeControl "40/5400+30:1800+30"]

1. c4 c5 2. g3 Nc6 3. Bg2 g6 4. Nc3 Bg7 5. Nh3 h5 6. d3 $11 d6 7. Nf4 g5 8. Nh3 g4 9. Nf4 h4 10. O-O Nf6 11. Rb1 O-O 12. a3 e5 13. Nfd5 Nxd5 14. Nxd5 Be6 15. b4 Rb8 16. b5 Nd4 17. e3 Nf5 18. Bd2 Ne7 19. a4 f5 20. Nxe7+ Qxe7 21. Qc2 Qf7 22. f3 hxg3 23. hxg3 f4 24. fxg4 Qg6 25. gxf4 exf4 26. Rbe1 fxe3 27. Bxe3 Bxg4 28. Bd5+ Be6+ 29. Qg2 Qxg2+ 30. Bxg2 Rxf1+ 31. Rxf1 b6 32. Bf4 Rd8 33. Re1 Kf7 34. Rf1 Kg8 35. Bg5 Rd7 36. Re1 Bd4+ 37. Be3 Bc3 38. Rc1 Be5 39. Kf2 Rf7+ 40. Ke2 Rg7 41. Bf3 Rg3 1/2-1/2

[Event "26th Zadar Open 2019"]
[Site "Zadar"]
[Date "2019.12.20"]
[Round "7.16"]
[White "Vidic, Teja"]
[Black "Bratovic, Blaz"]
[Result "1/2-1/2"]
[ECO "B07"]
[WhiteElo "2221"]
[BlackElo "2359"]
[Annotator "NA"]
[PlyCount "113"]
[EventDate "2019.12.15"]
[EventType "swiss"]
[EventCountry "CRO"]
[SourceTitle "playchess.com"]
[Source "ChessBase"]
[SourceQuality "1"]
[TimeControl "40/5400+30:1800+30"]

1. e4 d6 2. d4 Nf6 3. Nc3 g6 4. Be3 c6 5. Qd2 Nbd7 6. O-O-O $11 Qa5 7. f3 b5 8. Kb1 b4 9. Nce2 Nb6 10. Nc1 Be6 11. g4 Nc4 12. Bxc4 Bxc4 13. Nge2 Nd7 14. Ng3 Nb6 15. h4 Be6 16. Nb3 Qb5 17. d5 cxd5 18. Bxb6 Qxb6 19. exd5 Bd7 20. h5 Bg7 21. hxg6 hxg6 22. Rxh8+ Bxh8 23. Re1 Kf8 24. Ne4 Ba4 25. Ng5 Bxb3 26. axb3 Qd4 27. Qxd4 Bxd4 28. Re4 Bc5 29. Rf4 f6 30. Ne6+ Kf7 31. Rc4 Rc8 32. Kc1 Ke8 33. Kd2 Kd7 34. Kd3 a5 35. Ke4 g5 36. Kd3 Rh8 37. Nxc5+ dxc5 38. Rxc5 Kd6 39. Rxa5 Ke5 40. d6+ Kxd6 41. c4 Rh3 42. Ke4 Rh2 43. Rb5 Re2+ 44. Kd3 Rxb2 45. Rxb4 Ke5 46. Ke3 e6 47. Rb5+ Kd6 48. Rb6+ Ke5 49. Rb5+ Kd6 50. f4 gxf4+ 51. Kxf4 Rf2+ 52. Ke3 Rg2 53. Rb6+ Ke5 54. Rb5+ Kd6 55. Rb6+ Ke5 56. Rb5+ Kd6 57. Rb6+ 1/2-1/2

[Event "26th Zadar Open 2019"]
[Site "Zadar"]
[Date "2019.12.20"]
[Round "7.17"]
[White "Sai Agni Jeevitesh, J."]
[Black "Martinovic, Sasa"]
[Result "0-1"]
[ECO "A11"]
[WhiteElo "2301"]
[BlackElo "2544"]
[Annotator "ChessBase"]
[PlyCount "60"]
[EventDate "2019.12.15"]
[EventType "swiss"]
[EventCountry "CRO"]
[SourceTitle "playchess.com"]
[Source "ChessBase"]
[SourceQuality "1"]
[TimeControl "40/5400+30:1800+30"]

1. Nf3 Nf6 2. c4 c6 3. Nc3 d5 4. e3 e6 5. b3 Bd6 6. Bb2 O-O 7. Qc2 e5 8. cxd5 cxd5 9. Nb5 Nc6 10. Nxd6 Qxd6 11. d4 Nb4 12. Qd1 e4 13. Ne5 Ne8 14. a3 f6 15. Bc3 Na6 16. Bxa6 Qxa6 17. Bb4 Nd6 18. f4 exf3 19. Nxf3 Bf5 20. Bxd6 Qxd6 21. O-O Rac8 22. Nh4 Be4 23. Rc1 Qxa3 24. Ra1 Qb2 25. Rxa7 Rc2 26. Qg4 Qxb3 27. Qe6+ Kh8 28. Qf7 Qxe3+ 29. Kh1 Rg8 30. Rxf6 Qh3 0-1

[Event "26th Zadar Open 2019"]
[Site "Zadar"]
[Date "2019.12.20"]
[Round "7.18"]
[White "Moksh Amit Doshi"]
[Black "Ascic, Pero"]
[Result "1-0"]
[ECO "E71"]
[WhiteElo "2399"]
[BlackElo "2310"]
[Annotator "NA"]
[PlyCount "47"]
[EventDate "2019.12.15"]
[EventType "swiss"]
[EventCountry "CRO"]
[SourceTitle "playchess.com"]
[Source "ChessBase"]
[SourceQuality "1"]
[TimeControl "40/5400+30:1800+30"]

1. d4 Nf6 2. c4 g6 3. Nc3 Bg7 4. e4 d6 5. h3 c6 6. Be3 Nbd7 7. g4 e5 8. d5 cxd5 9. cxd5 O-O $14 10. Nge2 b5 11. Ng3 b4 12. Nb5 Nc5 13. Qc2 Nfxe4 14. Nxe4 Nxe4 15. Qxe4 f5 16. Qxb4 f4 17. Bd2 e4 18. Bc3 e3 19. O-O-O Bxc3 20. Nxc3 exf2 21. Rh2 a5 22. Qd4 Bd7 23. Rxf2 f3 24. Rd3 1-0